 Dungeon Crawl Stone Soup version 0.28-a0-544-g207b005 (webtiles) character file.

Game seed: 6344041320605068071

17 2tousent the Sneak (level 2, 0/12 HPs)
             Began as a Felid Enchanter on Sept 27, 2021.
             Slain by a jackal (1 damage)
             ... on level 1 of the Dungeon.
             The game lasted 00:01:24 (483 turns).

2tousent the Sneak (Felid Enchanter)                 Turns: 483, Time: 00:01:24

Health: 0/12       AC:  1    Str:  4    XL:     2   Next: 44%
Magic:  6/6        EV: 17    Int: 16    God:
Gold:   34         SH:  0    Dex: 16    Spells: 3/5 levels left
                                        Lives:  0   Deaths: 0

rFire   . . .      SeeInvis +     - Unarmed
rCold   . . .      Faith    .   (shield unavailable)
rNeg    . . .      Spirit   .   (armour unavailable)
rPois   .          Reflect  .   (helmet unavailable)
rElec   .          Harm     .   (cloak unavailable)
rCorr   .          Rampage  .   (gloves unavailable)
Will    .....                   (boots unavailable)
Stlth   +++.......              (no amulet)
HPRegen 0.04/turn               (no ring)
MPRegen 0.10/turn               (no ring)

@: quick
A: very small, claws 1, fangs 3, see invisible, speed 1, shaggy fur 1, stealthy
paws, no weapons or thrown items, no armour, multi-lived
a: no special abilities


You were on level 1 of the Dungeon.
You visited 1 branch of the dungeon, and saw 1 of its levels.

You collected 34 gold pieces.

Inventory:

Scrolls
 b - a scroll of enchant armour {unknown}
Potions
 a - a potion of invisibility


   Skills:
 + Level 1.1 Fighting
 - Level 2.6 Dodging
 + Level 4.5 Stealth
 + Level 1.5 Unarmed Combat
 - Level 2.0 Spellcasting
 - Level 4.4 Hexes


You had 3 spell levels left.
You knew the following spells:

 Your Spells              Type           Power      Damage    Failure   Level
a - Ensorcelled Hibernat  Hex/Ice        16%        N/A       13%         2

Your spell library contained the following spells:

 Spells                   Type           Power      Damage    Failure   Level
 Confusing Touch          Hex            15%        N/A       11%         3
 Tukima's Dance           Hex            15%        N/A       11%         3
 Dazzling Flash           Conj/Hex       16%        N/A       26%         3


Dungeon Overview and Level Annotations

Branches:
Dungeon (1/15)

Altars:


Innate Abilities, Weirdness & Mutations

You have sharp claws.
You have razor-sharp teeth.
You have supernaturally acute eyesight. (SInv)
You cover ground quickly. (Speed+)
You are covered in fur. (AC +1)
Your paws help you pounce on unaware monsters.
You are incapable of wielding weapons or throwing items.
You cannot wear armour.
You gain extra lives every three experience levels.


Message History

The jackal is heavily wounded.
The jackal closely misses you. The jackal bites you.
* * * LOW HITPOINT WARNING * * *
You closely miss the jackal.
The jackal is heavily wounded.
You completely miss the jackal. You scratch the jackal.
The jackal is lightly wounded.
The jackal barely misses you. x2
You closely miss the jackal.
The jackal is lightly wounded.
The jackal bites you.
* * * LOW HITPOINT WARNING * * *
You closely miss the jackal. You bite the jackal, but do no damage.
The jackal is lightly wounded.
The jackal misses you.
You barely miss the jackal.
The jackal is lightly wounded.
The jackal barely misses you. The jackal closely misses you.
You scratch the jackal.
The jackal is almost dead.
The jackal completely misses you.
You miss the jackal.
The jackal is almost dead.
The jackal misses you. The jackal closely misses you.
You barely miss the jackal.
The jackal is almost dead.
The jackal bites you but does no damage.
You scratch the jackal.
You kill the jackal!
The jackal closely misses you.
You closely miss the jackal. You bite the jackal, but do no damage.
The jackal is heavily wounded.
The jackal bites you but does no damage.
You scratch the jackal.
You kill the jackal!
You scratch the jackal.
The jackal is moderately wounded.
The jackal bites you.
You die...

########################
#.....)................#
#.###.#####..#######.##.## ##
##.# #.......##...... .g
#.####..####.##.###.# #.#.
##.rh@...##......# #..
#....###.#####..##.####.###.#
.^....h.## #..##.# #....##
.....##.# #..††.# #.#.## ...
#.## #...######.#.# # #.#.#
####...####.#.#.#
#..#rg..............#.### #h#
#.####.####.#........ ..#
#...... ##...##.###


You could see a quokka and a jackal.

Vanquished Creatures
  A dart slug (D:1)
  A ball python (D:1)
  2 endoplasms (D:1)
  2 jackals (D:1)
  2 kobolds (D:1)
  2 quokkas (D:1)
  A bat (D:1)
  A frilled lizard (D:1)
  2 rats (D:1)
14 creatures vanquished.

Notes
Turn   | Place    | Note
-------+----------+-------------------------------------------
     0 | D:1      | 2tousent the Felid Enchanter began the quest for the Orb.
     0 | D:1      | Reached XP level 1. HP: 7/7 MP: 4/4
   298 | D:1      | Reached XP level 2. HP: 12/12 MP: 6/6
   301 | D:1      | Learned a level 2 spell: Ensorcelled Hibernation
   335 | D:1      | Reached skill level 1 in Fighting
   483 | D:1      | Slain by a jackal

Illustrated notes

Levels and vault maps discovered:
D:1:      lightli_arrival_farm, layout_loops_ring,
          hellmonk_ecumenical_altar_inner_sanctum, serial_shops, shop

Skill      XL: |  1  2 |
---------------+-------+-----
Fighting       | 1 |  1.1
Dodging        | |  2.6
Stealth        | |  4.5
Unarmed Combat | |  1.5
Spellcasting   | |  2.0
Hexes          | |  4.4

Action                   || total
-------------------------++-------
Melee: Unarmed           ||    44
       Bite              ||     2
 Stab: Sleeping          ||     6
Armor: Skin              ||     2
Dodge: Dodged            ||    30

Table legend: (Time is in decaauts)
 A = Elapsed time spent in this place.
 B = Non-inter-level travel time spent in this place.
 C = Inter-level travel time spent in this place.
 D = Time resting spent in this place.
 E = Time spent auto-exploring this place.
 F = Levels seen in this place.
 G = Mean time per level.
                   A        B        C        D        E       F      G
               +--------+--------+--------+--------+--------+-----+--------+
         Total |    441 |    441 |      0 |      0 |    353 |   1 |  441.0 |
       Dungeon |    441 |    441 |      0 |      0 |    353 |   1 |  441.0 |
               +--------+--------+--------+--------+--------+-----+--------+

Top non-repeatable levels by time:
     D:1: 441 daAuts
